 Dungeon Sprint DCSS version 0.31-a0-841-g038b102fc3 (webtiles) character file.

Game seed: 3655287530525992349

0 sircluck the Ruffian (level 1, -6/33 HPs)
             Began as a Troll Berserker on Sept 27, 2023.
             Was a Follower of Trog.
             Mangled by a small abomination (20 damage)
             ... in the Dungeon (Sprint VII: "The Pits").
             The game lasted 00:00:08 (122 turns).

sircluck the Ruffian (Troll Berserker)               Turns: 122, Time: 00:00:09

Health: -6/33      AC:  4    Str: 24    XL:     1   Next: 0%
Magic:  0/0        EV: 10    Int:  3    God:    Trog [*.....]
Gold:   0          SH:  0    Dex:  9    Spells: 0/0 levels left

rFire   . .          .
                       - Unarmed
rCold   . . .        (no shield)
rNeg    . . .        a - +0 animal skin
rPois   .            (helmet restricted)
rElec   .            (no cloak)
rCorr   .            (gloves unavailable)
SInv    .            (boots unavailable)
Will    .....        (no amulet) Stlth
                     (no ring)
HPRegen 1.05/turn    (no ring)
MPRegen 0.07/turn

%: no teleportation
@: berserking, very quick
A: large, unfitting armour, claws 3, regeneration 1, shaggy fur 1, tough skin 1
a: Renounce Religion, Berserk


You were in the Dungeon.
You worshipped Trog.
Trog was aware of your devotion.
You visited 1 branch

Inventory:

Armour
 a - a +0 animal skin (worn)
Scrolls
 g - a scroll of blinking
Potions
 b - a potion of curing
 c - a potion of heal wounds
 d - a potion of haste
 e - 2 potions of magic
 f - a potion of berserk rage


   Skills:
 + Level 2.4 Fighting
 + Level 2.4 Dodging
 + Level 3.0 Unarmed Combat


You couldn't memorise any spells.
You didn't know any spells.
Your spell library was empty.

Dungeon Overview and Level Annotations

Branches:
Dungeon (1/1)

Altars:


Innate Abilities, Weirdness & Mutations

You are too large for most types of armour.
You have claws for hands.
Your natural rate of healing is unusually fast.
You are covered in fur. (AC +1)
You have tough skin. (AC +1)


Message History

Welcome, sircluck the Troll Berserker. [Dungeon Sprint] Trog says: Kill them all!
Press ? for a list of commands and other information.
Found a staircase leading out of the dungeon.
You open the door.
There is an open door to the Entrance Hall (Safe) here.
You open the huge gate.
A spriggan and a small abomination come into view.
You close the huge gate.
You start waiting.
Done waiting.
You open the huge gate.
The spriggan shouts!
You close the huge gate.
A spriggan breaks down the huge gate.
You fail to use your ability.
A red film seems to cover your vision as you go berserk!
You feel yourself moving faster!
You feel mighty! The spriggan barely misses you.
You barely miss the spriggan. The spriggan blocks your attack.
Your claw misses the spriggan. The spriggan barely misses you.
You mangle the spriggan!!
The spriggan is almost dead.
The spriggan hits you with a +0 dagger.
You miss the spriggan.
The spriggan is almost dead.
The small abomination barely misses you.
You closely miss the spriggan.
The spriggan is almost dead.
The small abomination hits you! The spriggan barely misses you.
You claw the spriggan!
You kill the spriggan!
Trog accepts your kill. The small abomination hits you!!
Ouch! That really hurt!
You die...

##########++######
#................#
#......#..#......#
#................+
+................+
#......#..#......#
#.........@......#
####'#####)x######
#.......##''#
#.......##...
#.......##....
#...<...##.....
#.......##...###
#.......##..##
#.......#


You could see a small abomination.

Vanquished Creatures
  A spriggan (D)
1 creature vanquished.

Notes
Turn   | Place    | Note
-------+----------+-------------------------------------------
     0 | D        | sircluck the Troll Berserker began the quest for the Orb.
     0 | D        | Reached XP level 1. HP: 22/22 MP: 0/0
    11 | D        | Noticed a spriggan
    11 | D        | Noticed a small abomination
   122 | D        | Killed a spriggan
   122 | D        | Mangled by a small abomination

Illustrated notes

Levels and vault maps discovered:
D:        pitsprint [storerooms_1, entrance_room_1, metal_vault_4, armoury_1,
          mini_pit_1, grid_room_1, main_hall_1, silver_pit, the_coven_2,
          the_vestibule_1, steel_vault_3, golden_pit, hallway_of_sentries,
          crystal_vault_3, iron_vault_1, final_vault]

Action                     || total
---------------------------++-------
  Melee: Unarmed           ||     6
 Invoke: Berserk           ||     1
 Armour: Animal skin       ||     3
  Dodge: Dodged            ||     4

Table legend: (Time is in decaauts)
 A = Elapsed time spent in this place.
 B = Non-inter-level travel time spent in this place.
 C = Inter-level travel time spent in this place.
 D = Time resting spent in this place.
 E = Time spent auto-exploring this place.
 F = Levels seen in this place.
 G = Mean time per level.
                   A        B        C        D        E       F      G
               +--------+--------+--------+--------+--------+-----+--------+
         Total |    120 |    120 |      0 |    100 |     11 |   1 |  120.0 |
       Dungeon |    120 |    120 |      0 |    100 |     11 |   1 |  120.0 |
               +--------+--------+--------+--------+--------+-----+--------+

Top non-repeatable levels by time:
       D: 120 daAuts
